 Dungeon Crawl Stone Soup version 0.29.1-2-gbd0b4ee654 (webtiles) character file.

Game seed: 635413371788908732

73 whiskeysaurus the Conjurer (level 4, 0/33 HPs)
             Began as a Draconian Conjurer on Nov 20, 2022.
             Slain by an orc wizard
             ... wielding a +0 dagger
              (1 damage)
             ... on level 2 of the Dungeon.
             The game lasted 00:03:20 (2350 turns).

whiskeysaurus the Conjurer (Draconian Conjurer)     Turns: 2350, Time: 00:03:21

Health: 0/33       AC:  5    Str:  9    XL:     4   Next: 8%
Magic:  2/7        EV: 12    Int: 20    God:
Gold:   95         SH:  0    Dex: 10    Spells: 7/8 levels left

rFire   . . .      SeeInvis .   (no weapon)
rCold   . . .      Faith    .   (no shield)
rNeg    . . .      Spirit   .   (body armour unavailable)
rPois   .          Reflect  .   (helmet restricted)
rElec   .          Harm     .   (no cloak)
rCorr   .          Rampage  .   (no gloves)
Will    .....                   (no boots)
Stlth   ++........              (no amulet)
HPRegen 0.11/turn               (no ring)
MPRegen 0.10/turn               (no ring)

@: no status effects
A: AC +5, unfitting armour, cold-blooded
a: no special abilities


You were on level 2 of the Dungeon.
You visited 1 branch of the dungeon, and saw 3 of its levels.

You collected 95 gold pieces.

Inventory:

Jewellery
 h - a ring of protection from fire
Scrolls
 b - a scroll of teleportation {unknown}
 c - 2 scrolls of enchant weapon {unknown}
 f - 3 scrolls of identify {unknown}
 g - a scroll of noise {unknown}
Potions
 a - a potion of magic
 d - a potion of curing {unknown}
 e - 3 potions of mutation {unknown}
 i - a potion of degeneration {unknown}


   Skills:
 + Level 2.5 Dodging
 + Level 2.5 Stealth
 + Level 2.6 Spellcasting
 + Level 4.4 Conjurations


You had 7 spell levels left.
You knew the following spells:

 Your Spells              Type           Power      Damage    Failure   Level
a - Magic Dart            Conj           80%        1d7       2%          1

Your spell library contained the following spells:

 Spells                   Type           Power      Damage    Failure   Level
 Searing Ray              Conj           40%        2d5       3%          2
 Dazzling Flash           Conj/Hex       22%        N/A       19%         3
 Confusing Touch          Hex            2%         N/A       41%         3
 Portal Projectile        Hex/Tloc       4%         N/A       41%         3
 Tukima's Dance           Hex            2%         N/A       41%         3
 Fulminant Prism          Conj/Hex       5%         3d7       52%         4
 Iskenderun's Mystic Bla  Conj/Tloc      11%        2d4       52%         4
 Blade Hands              Tmut           1%         N/A       99%         5
 Yara's Violent Unravell  Hex/Tmut       1%         3d3       99%         5
 Enfeeble                 Hex            1%         N/A       100%        7


Dungeon Overview and Level Annotations

Branches:
Dungeon (3/15)

Altars:


Innate Abilities, Weirdness & Mutations

Your plain brown scales are hard. (AC +5)
You cannot fit into any form of body armour.
You are cold-blooded and may be slowed by cold attacks.


Message History

You miss something. Something hits you.
You miss something.
Your tail-slap misses something.
Something barely misses you.
You closely miss something. Something hits you but does no damage.
You miss something. Something completely misses you.
You barely miss something.
Your tail-slap misses something.
You hear some strange, mumbled words.
A magic dart appears from out of thin air!
The magic dart hits you.
* * * LOW HITPOINT WARNING * * *
You closely miss something. Something hits you.
* * * LOW HITPOINT WARNING * * *
You closely miss something. Something hits you but does no damage.
You closely miss something.
Your tail-slap misses something.
Something completely misses you.
You closely miss something. Something hits you.
* * * LOW HITPOINT WARNING * * *
You closely miss something. Something hits you but does no damage.
You barely miss something. Something hits you.
* * * LOW HITPOINT WARNING * * *
You are too injured to fight recklessly!
Casting: Magic Dart (safe; 2% risk of failure)
Confirm with . or Enter, or press ? or * to list all spells.
Aiming: Magic Dart (safe; 2% risk of failure)
Press: ? - help, Shift-Dir - straight line The magic dart hits something.
You hear some strange, mumbled words.
Something tries to affect you, but you resist.
Casting: Magic Dart (safe; 2% risk of failure)
Confirm with . or Enter, or press ? or * to list all spells.
Aiming: Magic Dart (safe; 2% risk of failure)
Press: ? - help, Shift-Dir - straight line The magic dart hits something but does no damage.
Something hits you but does no damage.
Casting: Magic Dart (safe; 2% risk of failure)
Confirm with . or Enter, or press ? or * to list all spells.
Aiming: Magic Dart (safe; 2% risk of failure)
Press: ? - help, Shift-Dir - straight line The magic dart hits something.
Something hits you.
You die...

...#....#......#
#.#....#.#.#
####....#..(...#
#.#.##...#.#
........#......#
#.#...<..#.#
#####...####.###
#..........#
#####...#
#..####..........#
........#
##...###........#####
.......##
###..##............#
.......#
###.##............#
.......#
#..@...#.#........#
.......#
#.{...##.#........#
.......#
#.....##.##########
#.###### #....(##.#
#.# #.....##.# #.####
#.....##.# #....#
#.....##.# #....#
#.....##.# .....#
#........#


There were no monsters in sight!

Vanquished Creatures
  3 adders (D:2)
  A worm (D:2)
  3 dart slugs (D:2)
  2 endoplasms (D:2)
  A giant cockroach (D:1)
  A goblin (D:1)
  5 hobgoblins
  3 quokkas
  5 ball pythons
  6 bats
  A frilled lizard (D:2)
  5 kobolds (D:1)
  2 rats
38 creatures vanquished.

Notes
Turn   | Place    | Note
-------+----------+-------------------------------------------
     0 | D:1      | whiskeysaurus the Draconian Conjurer began the quest for
                  | the Orb.
     0 | D:1      | Reached XP level 1. HP: 14/14 MP: 3/3
   388 | D:1      | Reached XP level 2. HP: 20/20 MP: 0/5
   577 | D:1      | Found a faded altar of an unknown god.
  1248 | D:2      | Reached XP level 3. HP: 26/26 MP: 0/6
  1935 | D:2      | Reached XP level 4. HP: 33/33 MP: 4/7
  2347 | D:2      | HP: 1/33 [something (4)]
  2350 | D:2      | Slain by an orc wizard

Illustrated notes

Levels and vault maps discovered:
D:1:      spicycebolla_arrival_xxxplode, layout_loops_ring,
          ebering_ecumenical_altar_hall
D:2:      layout_basic
D:3:      layout_basic, overflow_temple_1_default, gammafunk_ghost_smash

Skill      XL: |  1 |
---------------+----+-----
Stealth        | 2 |  2.5
Dodging        | 2 |  2.5
Spellcasting   | |  2.6
Conjurations   | |  4.4

Action                   |  1- 3 |  4- 6 || total
-------------------------+-------+-------++-------
Melee: Unarmed           |    28 |    18 ||    46
       Tailslap          |     4 |       ||     4
 Cast: Magic Dart        |    77 |    20 ||    97
Armor: Skin              |    17 |     7 ||    24
Dodge: Dodged            |    19 |     4 ||    23
